2693 views
Uploaded 2021-10-03 07:12:46
Game version 1.32.10
17:28 long 4on4 ladder game on (8)TwilightRuins_LV
Saved by lowlyworm
2693 views
Uploaded 2021-10-03 07:12:46
Game version 1.32.10
17:28 long 4on4 ladder game on (8)TwilightRuins_LV


120 units @ 15.1k
/ 1.9k
66 buildings @ 9.6k
/ 4.2k
heresspaz
(2)
(16:56) : 
| Lesser Clarity Potion | 3 | 210 |
| Healing Salve | 1 | 100 |
| Tiny Great Hall | 1 | 600 |
| Orb of Lightning | 1 | 375 |
| Potion of Healing | 1 | 150 |
| Scroll of Town Portal | 2 | 700 |
| total: | 9 | 2135g |
| Peon | 15 | 1125 | / | 0 |
| Troll Headhunter | 8 | 1120 | / | 160 |
| Shaman | 5 | 650 | / | 100 |
| Troll Berserker | 5 | 700 | / | 100 |
| total: | 33 | 3595g | / | 360w |
| Watch Tower | 5 | 550 | / | 400 |
| Altar of Storms | 1 | 180 | / | 50 |
| Orc Burrow | 5 | 800 | / | 200 |
| War Mill | 1 | 205 | / | 0 |
| Barracks | 2 | 360 | / | 100 |
| Voodoo Lounge | 2 | 260 | / | 60 |
| Spirit Lodge | 2 | 300 | / | 300 |
| Tauren Totem | 1 | 135 | / | 155 |
| Stronghold | 1 | 315 | / | 190 |
| Fortress | 1 | 325 | / | 190 |
| total: | 19 | 2790g | / | 1265w |
| 0:05 | Peon |
| 0:05 | Peon |
| 0:05 | Peon |
| 0:23 | Altar of Storms |
| 0:36 | Orc Burrow |
| 0:52 | War Mill |
| 0:57 | Peon |
| 1:14 | Barracks |
| 1:18 | Peon |
| 1:18 | Peon |
| 1:44 | Peon |
| 1:53 | Orc Burrow |
| 2:14 | Barracks |
| 2:18 | Troll Headhunter |
| 2:40 | Troll Headhunter |
| 2:48 | Peon |
| 2:48 | Peon |
| 3:08 | Troll Headhunter |
| 3:38 | Troll Headhunter |
| 3:42 | War Stomp |
| 4:01 | Stronghold |
| 4:58 | Voodoo Lounge |
| 4:59 | Voodoo Lounge |
| 5:04 | Troll Headhunter |
| 5:14 | Orc Burrow |
| 5:16 | Endurance Aura |
| 6:03 | Steel Ranged Weapons |
| 6:09 | Troll Headhunter |
| 6:14 | Lesser Clarity Potion |
| 6:14 | Healing Salve |
| 6:24 | Peon |
| 6:26 | Fortress |
| 6:28 | Troll Regeneration |
| 6:31 | Spirit Lodge |
| 6:50 | War Stomp |
| 7:31 | Troll Headhunter |
| 7:34 | Orc Burrow |
| 7:54 | Shaman Adept Training |
| 8:26 | Lesser Clarity Potion |
| 8:32 | Troll Headhunter |
| 8:47 | Tiny Great Hall |
| 9:03 | Berserker Upgrade |
| 9:05 | Shaman Master Training |
| 9:31 | Reinforced Defenses |
| 9:33 | Peon |
| 9:34 | Peon |
| 9:34 | Peon |
| 9:34 | Peon |
| 9:36 | Peon |
| 9:50 | Shaman |
| 9:57 | Watch Tower |
| 10:19 | Watch Tower |
| 10:34 | Watch Tower |
| 10:49 | Watch Tower |
| 10:54 | Watch Tower |
| 11:22 | Endurance Aura |
| 11:27 | Scroll of Town Portal |
| 11:31 | Shaman |
| 11:36 | Spirit Lodge |
| 12:15 | Shaman |
| 12:15 | Shaman |
| 12:33 | Tauren Totem |
| 12:36 | Thorium Ranged Weapons |
| 13:52 | Troll Berserker |
| 14:01 | Troll Berserker |
| 14:01 | Troll Berserker |
| 14:05 | Lesser Clarity Potion |
| 14:07 | Scroll of Town Portal |
| 14:26 | Orb of Lightning |
| 15:00 | Potion of Healing |
| 15:03 | Shaman |
| 15:19 | Orc Burrow |
| 16:00 | Arcanite Ranged Weapons |
| 16:22 | Troll Berserker |
| 16:22 | Troll Berserker |
| Select group | 1160 |
| Right click | 984 |
| Chat | 556 |
| Select | 185 |
| Build/train/purchase | 80 |
| Misc. action | 48 |
| Assign group | 46 |
| Minimap ping | 15 |
| Resource trade | 9 |
| Use ability | 8 |
| Item give/drop | 2 |
| Esc | 2 |


| Scroll of Healing | 1 | 250 |
| total: | 1 | 250g |
| Peon | 9 | 675 | / | 0 |
| Raider | 18 | 3240 | / | 720 |
| total: | 27 | 3915g | / | 720w |
| Watch Tower | 2 | 220 | / | 160 |
| Altar of Storms | 1 | 180 | / | 50 |
| Orc Burrow | 6 | 960 | / | 240 |
| War Mill | 2 | 410 | / | 0 |
| Great Hall | 1 | 385 | / | 185 |
| Voodoo Lounge | 1 | 130 | / | 30 |
| Beastiary | 3 | 435 | / | 420 |
| Stronghold | 2 | 630 | / | 380 |
| Fortress | 2 | 650 | / | 380 |
| total: | 16 | 2720g | / | 1085w |
| 0:03 | Peon |
| 0:03 | Peon |
| 0:08 | Altar of Storms |
| 0:20 | Orc Burrow |
| 0:24 | Peon |
| 0:37 | Peon |
| 0:55 | War Mill |
| 1:01 | War Mill |
| 1:03 | Peon |
| 1:16 | Peon |
| 1:16 | Peon |
| 1:23 | Peon |
| 1:23 | Peon |
| 2:03 | Stronghold |
| 2:09 | Feral Spirit |
| 2:21 | Steel Armor |
| 2:21 | Thorium Armor |
| 2:43 | Orc Burrow |
| 2:52 | Steel Melee Weapons |
| 3:28 | Orc Burrow |
| 4:26 | Beastiary |
| 4:31 | Beastiary |
| 4:35 | Chain Lighting |
| 5:07 | Orc Burrow |
| 5:31 | Raider |
| 5:38 | Raider |
| 5:41 | Ensnare |
| 5:42 | Thorium Melee Weapons |
| 5:44 | Raider |
| 5:50 | Healing Wave |
| 6:43 | Raider |
| 7:15 | Orc Burrow |
| 7:16 | Arcanite Armor |
| 7:48 | Raider |
| 7:48 | Raider |
| 8:22 | Hex |
| 8:25 | Feral Spirit |
| 8:43 | Raider |
| 8:48 | Scroll of Healing |
| 8:58 | Raider |
| 9:33 | Watch Tower |
| 10:58 | Orc Burrow |
| 11:01 | Fortress |
| 11:03 | Raider |
| 11:03 | Raider |
| 11:06 | Watch Tower |
| 12:42 | Raider |
| 12:58 | Great Hall |
| 13:11 | Beastiary |
| 13:35 | Arcanite Melee Weapons |
| 13:56 | Raider |
| 14:06 | Raider |
| 14:06 | Raider |
| 14:37 | Raider |
| 14:42 | Voodoo Lounge |
| 15:29 | Raider |
| 15:47 | Raider |
| 16:08 | Raider |
| Select | 269 |
| Right click | 192 |
| Misc. action | 93 |
| Build/train/purchase | 65 |
| Use ability | 36 |
| Select group | 13 |
| Assign group | 10 |
| Minimap ping | 5 |
| Remove unit | 1 |



| Scroll of Town Portal | 2 | 700 |
| Potion of Lesser Invulnerability | 2 | 300 |
| Boots of Speed | 3 | 750 |
| total: | 7 | 1750g |
| Acolyte | 12 | 900 | / | 0 |
| Ghoul | 8 | 960 | / | 0 |
| Frost Wyrm | 2 | 770 | / | 240 |
| Goblin Shredder | 1 | 375 | / | 100 |
| total: | 23 | 3005g | / | 340w |
| Graveyard | 1 | 215 | / | 0 |
| Crypt | 1 | 200 | / | 50 |
| Ziggurat | 9 | 1350 | / | 450 |
| Altar of Darkness | 1 | 180 | / | 50 |
| Tomb of Relics | 1 | 130 | / | 30 |
| Sacrificial Pit | 1 | 75 | / | 150 |
| Boneyard | 3 | 525 | / | 600 |
| Halls of the Dead | 2 | 640 | / | 420 |
| Black Citadel | 1 | 325 | / | 230 |
| total: | 17 | 2675g | / | 1330w |
| 0:07 | Acolyte |
| 0:10 | Graveyard |
| 0:13 | Crypt |
| 0:20 | Acolyte |
| 0:20 | Acolyte |
| 0:40 | Ziggurat |
| 0:50 | Altar of Darkness |
| 1:15 | Ghoul |
| 1:24 | Ghoul |
| 1:41 | Ziggurat |
| 1:51 | Ghoul |
| 1:51 | Ghoul |
| 2:23 | Halls of the Dead |
| 2:36 | Ghoul |
| 2:47 | Ghoul |
| 2:47 | Ghoul |
| 2:56 | Sleep |
| 2:59 | Ghoul |
| 3:54 | Ziggurat |
| 4:17 | Vampiric Aura |
| 4:44 | Acolyte |
| 4:46 | Acolyte |
| 4:48 | Acolyte |
| 5:01 | Acolyte |
| 5:10 | Acolyte |
| 5:23 | Tomb of Relics |
| 5:27 | Sacrificial Pit |
| 5:36 | Acolyte |
| 5:47 | Death Coil |
| 6:07 | Goblin Shredder |
| 6:15 | Black Citadel |
| 6:24 | Ziggurat |
| 6:37 | Creature Attack |
| 6:38 | Creature Carapace |
| 7:46 | Improved Creature Attack |
| 8:25 | Potion of Lesser Invulnerability |
| 8:25 | Scroll of Town Portal |
| 8:26 | Boots of Speed |
| 8:26 | Boots of Speed |
| 8:28 | Boots of Speed |
| 8:38 | Backpack |
| 8:48 | Ghoul Frenzy |
| 8:50 | Improved Creature Carapace |
| 9:40 | Frost Nova |
| 10:02 | Advanced Creature Attack |
| 10:22 | Acolyte |
| 10:22 | Acolyte |
| 10:22 | Acolyte |
| 12:15 | Advanced Creature Carapace |
| 12:38 | Boneyard |
| 12:39 | Boneyard |
| 12:42 | Boneyard |
| 12:45 | Ziggurat |
| 12:47 | Ziggurat |
| 12:55 | Ziggurat |
| 12:57 | Ziggurat |
| 12:59 | Ziggurat |
| 13:58 | Freezing Breath |
| 15:38 | Frost Wyrm |
| 15:38 | Frost Wyrm |
| 15:48 | Scroll of Town Portal |
| 15:49 | Potion of Lesser Invulnerability |
| Right click | 327 |
| Select group | 230 |
| Select | 131 |
| Chat | 86 |
| Build/train/purchase | 50 |
| Use ability | 23 |
| Misc. action | 18 |
| Assign group | 13 |
| Minimap ping | 7 |
| Item give/drop | 5 |
| Resource trade | 4 |

| Mechanical Critter | 1 | 50 |
| Lesser Clarity Potion | 2 | 140 |
| Scroll of Regeneration | 3 | 300 |
| total: | 6 | 490g |
| Peasant | 19 | 1425 | / | 0 |
| Footman | 9 | 1215 | / | 0 |
| Knight | 7 | 1715 | / | 420 |
| Priest | 2 | 270 | / | 20 |
| total: | 37 | 4625g | / | 440w |
| Scout Tower | 2 | 60 | / | 40 |
| Guard Tower | 2 | 140 | / | 100 |
| Barracks | 1 | 160 | / | 60 |
| Farm | 6 | 480 | / | 120 |
| Altar of Kings | 1 | 180 | / | 50 |
| Lumber Mill | 1 | 120 | / | 0 |
| Arcane Vault | 1 | 130 | / | 30 |
| Blacksmith | 1 | 140 | / | 60 |
| Arcane Sanctum | 1 | 150 | / | 140 |
| Keep | 1 | 320 | / | 210 |
| Castle | 1 | 360 | / | 210 |
| total: | 14 | 1420g | / | 500w |
| 0:03 | Peasant |
| 0:06 | Barracks |
| 0:12 | Farm |
| 0:17 | Altar of Kings |
| 0:19 | Peasant |
| 0:28 | Peasant |
| 0:44 | Farm |
| 0:52 | Peasant |
| 1:01 | Peasant |
| 1:17 | Footman |
| 1:39 | Footman |
| 1:45 | Lumber Mill |
| 1:55 | Farm |
| 1:58 | Footman |
| 2:11 | Peasant |
| 2:21 | Devotion Aura |
| 2:25 | Footman |
| 2:35 | Arcane Vault |
| 2:54 | Defend |
| 3:07 | Improved Lumber Harvesting |
| 3:33 | Scout Tower |
| 4:04 | Divine Shield |
| 4:12 | Blacksmith |
| 4:15 | Guard Tower |
| 4:22 | Mechanical Critter |
| 4:22 | Lesser Clarity Potion |
| 4:45 | Footman |
| 4:45 | Footman |
| 4:47 | Keep |
| 5:06 | Scroll of Regeneration |
| 5:17 | Footman |
| 6:14 | Iron Forged Swords |
| 6:21 | Scout Tower |
| 7:00 | Holy Light |
| 7:31 | Guard Tower |
| 7:36 | Peasant |
| 7:37 | Peasant |
| 7:42 | Advanced Lumber Harvesting |
| 8:37 | Scroll of Regeneration |
| 8:43 | Iron Plating |
| 8:45 | Castle |
| 8:55 | Arcane Sanctum |
| 9:03 | Steel Forged Swords |
| 9:26 | Footman |
| 9:27 | Footman |
| 11:00 | Steel Plating |
| 11:06 | Peasant |
| 11:23 | Peasant |
| 11:23 | Peasant |
| 11:23 | Peasant |
| 11:23 | Peasant |
| 12:32 | Devotion Aura |
| 12:37 | Knight |
| 12:39 | Knight |
| 12:40 | Peasant |
| 12:44 | Lesser Clarity Potion |
| 12:45 | Scroll of Regeneration |
| 13:10 | Mithril Plating |
| 13:14 | Knight |
| 13:29 | Farm |
| 13:30 | Farm |
| 13:35 | Farm |
| 13:51 | Priest Adept Training |
| 14:00 | Peasant |
| 14:06 | Animal War Training |
| 14:07 | Knight |
| 14:08 | Knight |
| 15:01 | Priest |
| 15:02 | Priest |
| 15:05 | Knight |
| 15:05 | Knight |
| 16:36 | Peasant |
| 16:36 | Peasant |
| 16:36 | Peasant |
| 16:36 | Peasant |
| Right click | 508 |
| Select | 238 |
| Build/train/purchase | 80 |
| Select group | 60 |
| Use ability | 19 |
| Assign group | 14 |
| Misc. action | 4 |
| Remove unit | 4 |
| Item give/drop | 2 |
139 units @ 17.8k
/ 2k
83 buildings @ 13.1k
/ 5.7k

| Peon | 11 | 825 | / | 0 |
| Troll Headhunter | 10 | 1400 | / | 200 |
| Troll Berserker | 15 | 2100 | / | 300 |
| Shaman | 8 | 1040 | / | 160 |
| total: | 44 | 5365g | / | 660w |
| Watch Tower | 10 | 1100 | / | 800 |
| War Mill | 1 | 205 | / | 0 |
| Orc Burrow | 10 | 1600 | / | 400 |
| Altar of Storms | 1 | 180 | / | 50 |
| Barracks | 2 | 360 | / | 100 |
| Voodoo Lounge | 1 | 130 | / | 30 |
| Spirit Lodge | 1 | 150 | / | 150 |
| Stronghold | 2 | 630 | / | 380 |
| Fortress | 1 | 325 | / | 190 |
| total: | 26 | 3725g | / | 1530w |
| 0:03 | Peon |
| 0:04 | Peon |
| 0:25 | War Mill |
| 0:28 | Peon |
| 0:44 | Orc Burrow |
| 0:47 | Peon |
| 0:54 | Altar of Storms |
| 0:58 | Peon |
| 1:09 | Barracks |
| 1:16 | Voodoo Lounge |
| 1:19 | Peon |
| 1:23 | Peon |
| 1:37 | Peon |
| 1:48 | Orc Burrow |
| 1:51 | Peon |
| 2:00 | Peon |
| 2:11 | Spiked Barricades |
| 2:30 | Peon |
| 2:35 | Pillage |
| 2:41 | Watch Tower |
| 2:52 | Watch Tower |
| 2:58 | Backpack |
| 3:06 | Mirror Image |
| 3:21 | Barracks |
| 3:30 | Watch Tower |
| 3:41 | Watch Tower |
| 3:53 | Orc Burrow |
| 4:01 | Orc Burrow |
| 4:12 | Steel Armor |
| 4:39 | Troll Headhunter |
| 5:01 | Stronghold |
| 5:10 | Stronghold |
| 5:24 | Steel Ranged Weapons |
| 5:37 | Steel Melee Weapons |
| 5:44 | Troll Headhunter |
| 5:48 | Troll Headhunter |
| 5:56 | Orc Burrow |
| 6:00 | Troll Headhunter |
| 6:03 | Troll Headhunter |
| 6:31 | Troll Headhunter |
| 6:48 | Orc Burrow |
| 7:06 | Troll Headhunter |
| 7:11 | Watch Tower |
| 7:56 | Fortress |
| 8:01 | Orc Burrow |
| 8:03 | Improved Spiked Barricades |
| 8:05 | Reinforced Defenses |
| 8:17 | Troll Regeneration |
| 8:57 | Troll Headhunter |
| 8:58 | Troll Headhunter |
| 9:07 | Watch Tower |
| 9:17 | Spirit Lodge |
| 9:21 | Wind Walk |
| 9:36 | Troll Headhunter |
| 10:23 | Berserker Upgrade |
| 10:29 | Watch Tower |
| 10:38 | Mirror Image |
| 10:53 | Orc Burrow |
| 11:06 | Thorium Ranged Weapons |
| 11:30 | Troll Berserker |
| 11:30 | Troll Berserker |
| 11:32 | Shaman Adept Training |
| 12:02 | Watch Tower |
| 12:07 | Troll Berserker |
| 12:08 | Troll Berserker |
| 12:30 | Troll Berserker |
| 12:38 | Orc Burrow |
| 13:13 | Wind Walk |
| 13:57 | Orc Burrow |
| 15:13 | Troll Berserker |
| 15:14 | Troll Berserker |
| 15:15 | Shaman Master Training |
| 15:17 | Arcanite Ranged Weapons |
| 15:18 | Thorium Armor |
| 15:21 | Arcanite Armor |
| 15:27 | Watch Tower |
| 15:31 | Shaman |
| 15:31 | Shaman |
| 16:13 | Mirror Image |
| 16:36 | Shaman |
| 16:36 | Shaman |
| 16:36 | Shaman |
| 16:37 | Shaman |
| 16:37 | Shaman |
| 16:39 | Troll Berserker |
| 16:39 | Troll Berserker |
| 16:39 | Troll Berserker |
| 16:39 | Troll Berserker |
| 16:40 | Troll Berserker |
| 16:40 | Troll Berserker |
| 16:40 | Troll Berserker |
| 17:09 | Watch Tower |
| 17:12 | Troll Berserker |
| 17:14 | Shaman |
| Right click | 223 |
| Select | 181 |
| Build/train/purchase | 87 |
| Misc. action | 28 |
| Item give/drop | 4 |


| Healing Salve | 3 | 300 |
| Lesser Clarity Potion | 3 | 210 |
| Scroll of Speed | 1 | 50 |
| Scroll of Town Portal | 2 | 700 |
| total: | 9 | 1260g |
| Peon | 13 | 975 | / | 0 |
| Grunt | 6 | 1200 | / | 0 |
| Raider | 2 | 360 | / | 80 |
| Spirit Walker | 4 | 780 | / | 140 |
| Kodo Beast | 1 | 255 | / | 60 |
| Goblin Zeppelin | 3 | 720 | / | 180 |
| total: | 29 | 4290g | / | 460w |
| Altar of Storms | 1 | 180 | / | 50 |
| Orc Burrow | 6 | 960 | / | 240 |
| Barracks | 1 | 180 | / | 50 |
| Voodoo Lounge | 2 | 260 | / | 60 |
| Great Hall | 1 | 385 | / | 185 |
| War Mill | 1 | 205 | / | 0 |
| Tauren Totem | 1 | 135 | / | 155 |
| Spirit Lodge | 3 | 450 | / | 450 |
| Beastiary | 1 | 145 | / | 140 |
| Stronghold | 2 | 630 | / | 380 |
| Fortress | 1 | 325 | / | 190 |
| total: | 17 | 2900g | / | 1330w |
| 0:03 | Peon |
| 0:03 | Peon |
| 0:07 | Altar of Storms |
| 0:19 | Orc Burrow |
| 0:23 | Peon |
| 0:37 | Barracks |
| 0:43 | Peon |
| 0:55 | Peon |
| 1:16 | Peon |
| 1:29 | Orc Burrow |
| 1:38 | Peon |
| 1:44 | Grunt |
| 1:44 | Grunt |
| 1:53 | Peon |
| 2:06 | Voodoo Lounge |
| 2:12 | Voodoo Lounge |
| 2:22 | War Stomp |
| 2:27 | Grunt |
| 2:32 | Peon |
| 2:32 | Peon |
| 3:02 | Stronghold |
| 3:31 | Grunt |
| 3:51 | Orc Burrow |
| 4:08 | Healing Salve |
| 4:15 | Lesser Clarity Potion |
| 4:18 | Healing Salve |
| 4:23 | Endurance Aura |
| 4:58 | Grunt |
| 5:42 | Tauren Totem |
| 5:57 | War Stomp |
| 6:10 | Great Hall |
| 6:13 | Scroll of Speed |
| 6:22 | Spirit Lodge |
| 6:26 | Beastiary |
| 6:36 | Lesser Clarity Potion |
| 6:36 | Healing Salve |
| 6:46 | Healing Wave |
| 6:55 | Orc Burrow |
| 7:52 | Raider |
| 7:52 | Ensnare |
| 7:54 | Spirit Walker Adept Training |
| 7:55 | Spirit Walker |
| 7:59 | Orc Burrow |
| 8:22 | Goblin Zeppelin |
| 8:22 | Goblin Zeppelin |
| 8:22 | Goblin Zeppelin |
| 8:56 | Pillage |
| 9:24 | Hex |
| 9:43 | Spirit Walker |
| 9:44 | Raider |
| 9:46 | War Mill |
| 9:51 | Peon |
| 9:51 | Peon |
| 9:51 | Peon |
| 10:27 | Endurance Aura |
| 11:03 | Grunt |
| 11:05 | Kodo Beast |
| 11:06 | Spirit Walker |
| 12:21 | Troll Regeneration |
| 12:24 | Spirit Walker |
| 12:42 | Healing Wave |
| 12:55 | Reinforced Defenses |
| 12:57 | Orc Burrow |
| 13:01 | Spirit Lodge |
| 13:03 | Fortress |
| 13:14 | Scroll of Town Portal |
| 14:00 | Scroll of Town Portal |
| 14:01 | Lesser Clarity Potion |
| 14:40 | Spirit Lodge |
| 16:48 | War Stomp |
| 16:50 | Hex |
| 17:14 | Steel Ranged Weapons |
| Select group | 905 |
| Right click | 674 |
| Chat | 241 |
| Select | 230 |
| Build/train/purchase | 105 |
| Use ability | 65 |
| Assign group | 24 |
| Misc. action | 20 |
| Item give/drop | 8 |
| Minimap ping | 7 |
| Esc | 1 |


| Rod of Necromancy | 1 | 150 |
| Lesser Clarity Potion | 4 | 280 |
| Dust of Appearance | 1 | 75 |
| Scroll of Town Portal | 2 | 700 |
| Healing Salve | 1 | 100 |
| Scroll of Speed | 1 | 50 |
| total: | 10 | 1355g |
| Acolyte | 8 | 600 | / | 0 |
| Ghoul | 16 | 1920 | / | 0 |
| Frost Wyrm | 5 | 1925 | / | 600 |
| total: | 29 | 4445g | / | 600w |
| Nerubian Tower | 2 | 200 | / | 40 |
| Spirit Tower | 4 | 580 | / | 160 |
| Crypt | 1 | 200 | / | 50 |
| Altar of Darkness | 1 | 180 | / | 50 |
| Ziggurat | 13 | 1950 | / | 650 |
| Tomb of Relics | 1 | 130 | / | 30 |
| Necropolis | 1 | 225 | / | 0 |
| Graveyard | 1 | 215 | / | 0 |
| Sacrificial Pit | 1 | 75 | / | 150 |
| Boneyard | 3 | 525 | / | 600 |
| Halls of the Dead | 2 | 640 | / | 420 |
| Black Citadel | 3 | 975 | / | 690 |
| total: | 22 | 3500g | / | 1530w |
| 0:03 | Acolyte |
| 0:03 | Acolyte |
| 0:05 | Crypt |
| 0:12 | Altar of Darkness |
| 0:18 | Acolyte |
| 0:35 | Ziggurat |
| 0:55 | Tomb of Relics |
| 1:09 | Ziggurat |
| 1:17 | Ghoul |
| 1:28 | Ghoul |
| 1:28 | Ghoul |
| 1:44 | Ghoul |
| 2:01 | Ghoul |
| 2:15 | Ghoul |
| 2:26 | Rod of Necromancy |
| 2:32 | Ghoul |
| 2:38 | Impale |
| 2:43 | Ghoul |
| 3:01 | Acolyte |
| 3:06 | Ghoul |
| 3:38 | Halls of the Dead |
| 4:04 | Spiked Carapace |
| 4:13 | Necropolis |
| 4:35 | Ghoul |
| 4:35 | Ghoul |
| 4:47 | Ziggurat |
| 4:53 | Dust of Appearance |
| 5:17 | Graveyard |
| 5:48 | Impale |
| 6:01 | Acolyte |
| 6:01 | Acolyte |
| 6:01 | Acolyte |
| 6:02 | Acolyte |
| 6:12 | Black Citadel |
| 6:19 | Sacrificial Pit |
| 7:16 | Ghoul |
| 7:16 | Ghoul |
| 7:16 | Ghoul |
| 7:25 | Ghoul |
| 7:27 | Ziggurat |
| 7:32 | Ziggurat |
| 7:36 | Lesser Clarity Potion |
| 7:36 | Healing Salve |
| 7:50 | Ziggurat |
| 8:00 | Lesser Clarity Potion |
| 8:00 | Scroll of Speed |
| 8:38 | Boneyard |
| 8:40 | Ghoul Frenzy |
| 8:51 | Boneyard |
| 8:55 | Boneyard |
| 8:58 | Creature Attack |
| 9:07 | Lesser Clarity Potion |
| 9:09 | Lesser Clarity Potion |
| 9:19 | Ziggurat |
| 9:24 | Death Coil |
| 10:12 | Nerubian Tower |
| 10:33 | Frost Wyrm |
| 10:40 | Ziggurat |
| 10:43 | Ziggurat |
| 10:45 | Ziggurat |
| 10:49 | Ziggurat |
| 10:51 | Ziggurat |
| 11:13 | Scroll of Town Portal |
| 11:36 | Spirit Tower |
| 11:59 | Spiked Carapace |
| 12:26 | Unholy Aura |
| 12:44 | Ziggurat |
| 12:48 | Spirit Tower |
| 12:52 | Frost Wyrm |
| 12:54 | Ghoul |
| 13:17 | Frost Wyrm |
| 14:04 | Frost Wyrm |
| 14:09 | Spirit Tower |
| 14:40 | Scroll of Town Portal |
| 15:08 | Freezing Breath |
| 15:13 | Creature Carapace |
| 16:10 | Impale |
| 16:34 | Death Coil |
| 17:06 | Frost Wyrm |
| 17:10 | Improved Creature Attack |
| Right click | 783 |
| Select | 277 |
| Build/train/purchase | 88 |
| Chat | 79 |
| Use ability | 35 |
| Resource trade | 5 |
| Item give/drop | 2 |
| Remove unit | 2 |


| Scroll of Healing | 1 | 250 |
| Scroll of Town Portal | 1 | 350 |
| Potion of Lesser Invulnerability | 1 | 150 |
| total: | 3 | 750g |
| Wisp | 19 | 1140 | / | 0 |
| Archer | 11 | 1430 | / | 110 |
| Hippogryph | 7 | 1120 | / | 140 |
| total: | 37 | 3690g | / | 250w |
| Ancient Protector | 3 | 405 | / | 240 |
| Moon Well | 6 | 1080 | / | 240 |
| Altar of Elders | 1 | 180 | / | 50 |
| Ancient of War | 1 | 150 | / | 60 |
| Hunter's Hall | 1 | 210 | / | 100 |
| Ancient of Wonders | 2 | 180 | / | 60 |
| Tree of Life | 1 | 340 | / | 185 |
| Ancient of Wind | 3 | 450 | / | 420 |
| Tree of Ages | 1 | 320 | / | 180 |
| total: | 18 | 2995g | / | 1355w |
| 0:02 | Wisp |
| 0:02 | Wisp |
| 0:03 | Wisp |
| 0:03 | Wisp |
| 0:19 | Moon Well |
| 0:34 | Altar of Elders |
| 0:48 | Ancient of War |
| 1:01 | Moon Well |
| 1:06 | Wisp |
| 1:14 | Wisp |
| 1:22 | Wisp |
| 1:47 | Wisp |
| 1:49 | Archer |
| 2:07 | Archer |
| 2:13 | Hunter's Hall |
| 2:26 | Archer |
| 2:39 | Force of Nature |
| 2:47 | Archer |
| 3:09 | Archer |
| 3:17 | Ancient Protector |
| 3:23 | Moon Well |
| 3:59 | Entangling Roots |
| 4:18 | Ancient Protector |
| 4:20 | Tree of Ages |
| 4:24 | Archer |
| 4:42 | Archer |
| 4:44 | Strength of the Moon |
| 4:57 | Archer |
| 5:18 | Archer |
| 6:01 | Thorns Aura |
| 6:10 | Archer |
| 6:12 | Moon Armor |
| 6:17 | Ancient Protector |
| 6:32 | Archer |
| 6:47 | Moon Well |
| 7:08 | Wisp |
| 7:08 | Wisp |
| 7:09 | Wisp |
| 7:57 | Ancient of Wind |
| 8:01 | Ancient of Wind |
| 8:03 | Wisp |
| 8:03 | Wisp |
| 8:04 | Wisp |
| 8:52 | Improved Strength of the Moon |
| 8:54 | Wisp |
| 8:55 | Wisp |
| 9:08 | Hippogryph |
| 9:30 | Force of Nature |
| 9:32 | Wisp |
| 9:50 | Moon Well |
| 9:53 | Improved Bows |
| 10:36 | Potion of Lesser Invulnerability |
| 10:37 | Scroll of Healing |
| 10:43 | Moon Well |
| 10:46 | Wisp |
| 10:46 | Wisp |
| 11:02 | Ancient of Wonders |
| 11:09 | Trueshot Aura |
| 11:33 | Hippogryph |
| 11:33 | Hippogryph |
| 11:37 | Hippogryph |
| 12:01 | Hippogryph |
| 12:42 | Hippogryph |
| 13:04 | Improved Moon Armor |
| 13:59 | Scroll of Town Portal |
| 14:58 | Hippogryph |
| 15:09 | Searing Arrows |
| 17:06 | Ancient of Wind |
| 17:10 | Ancient of Wonders |
| 17:17 | Tree of Life |
| Right click | 397 |
| Select | 236 |
| Build/train/purchase | 59 |
| Use ability | 24 |
| Item give/drop | 3 |
| Minimap ping | 3 |
⇛